Map: Frozen Temple

Players

Killa - Winner!

  • Race: Protoss Protoss
  • League: Diamond

A.I. 1 (Medium)

  • Race: Zerg Zerg

VOD

Have the link to the VOD?

Description

Time

  • Played on: April 11, 2016, 5:14 p.m.
  • Length: 6:54
Show
View Real Time Build Order
Export as new Build Order

Killa Protoss - Winner!

Build Orders: 1 Gate Expand 

Get SALT Encoding   

  12  0:01  Probe (Chrono Boost)  
  13  0:12  Probe (Chrono Boost)  
  14  0:21  Pylon  
  14  0:22  Probe (Chrono Boost)  
  15  0:39  Gateway, Probe (Chrono Boost)  
  16  0:46  Assimilator  
  16  0:49  Probe (Chrono Boost)  
  17  1:00  Probe (Chrono Boost)  
  18  1:10  Probe (Chrono Boost)  
  19  1:21  Nexus  
  19  1:30  Cybernetics Core  
  19  1:34  Probe (Chrono Boost)  
  19  1:39  Assimilator  
  20  1:45  Probe (Chrono Boost)  
  21  1:50  Pylon  
  21  1:55  Probe (Chrono Boost)  
  22  2:04  Warp Gate (Chrono Boost)  
  22  2:06  Probe (Chrono Boost)  
  23  2:08  Stalker  
  25  2:18  Probe  
  26  2:24  Robotics Facility  
  26  2:30  Probe  
  26  2:31  Probe  
  28  2:38  Stalker  
  28  2:43  Probe  
  30  2:44  Probe  
  32  2:54  Probe  
  32  2:57  Probe  
  34  3:04  Probe  
  34  3:09  Probe  
  34  3:11  Warp Prism (Chrono Boost)  
  38  3:16  Gateway  
  38  3:20  Gateway  
  38  3:27  Gateway  
  38  3:34  Gateway  
  38  3:54  Stalker  
  40  4:22  Stalker  
  40  4:23  Stalker x2  
  46  4:32  Pylon  
  46  4:34  Pylon  
  46  4:37  Pylon  
  46  4:53  Adept  
  46  4:54  Adept x4  
  54  5:16  Stalker x4  
  54  5:17  Stalker  
  64  5:55  Stalker  
  64  5:56  Stalker x2  
  70  6:06  Pylon  
  70  6:08  Pylon  
  70  6:11  Pylon  
  68  6:28  Stalker x3  
  68  6:29  Stalker x2  
Show
View Real Time Build Order
Export as new Build Order

A.I. 1 (Medium) Zerg 

Build Orders: Hatch First 

Get SALT Encoding   

  12  0:01  Drone  
  13  0:12  Overlord  
  13  0:17  Drone  
  14  0:30  Drone  
  14  0:33  Drone  
  16  0:36  Drone  
  17  0:54  Hatchery  
  17  0:56  Drone  
  17  1:10  Spawning Pool  
  16  1:13  Drone  
  16  1:16  Drone  
  18  1:19  Extractor  
  18  1:21  Drone  
  18  1:28  Overlord  
  18  1:59  Queen  
  18  2:00  Zergling x4  
  22  2:02  Drone, Roach Warren  
  22  2:04  Extractor  
  22  2:06  Drone  
  22  2:10  Zergling x2  
  23  2:25  Baneling Nest  
  23  2:28  Drone  
  23  2:32  Zergling x2  
  23  2:35  Zergling x2  
  25  2:38  Zergling x2  
  26  2:58  Roach, Extractor  
  27  2:59  Drone  
  27  3:05  Overlord  
  28  3:16  Drone  
  28  3:17  Roach  
  31  3:20  Drone  
  31  3:24  Drone  
  33  3:28  Drone  
  33  3:31  Drone  
  35  3:35  Drone  
  35  3:37  Lair, Baneling  
  35  3:38  Baneling  
  36  3:58  Overlord  
  36  4:01  Drone  
  37  4:06  Roach  
  39  4:25  Roach  
  39  4:30  Overlord  
  41  4:34  Drone  
  41  4:37  Drone  
  43  4:39  Hydralisk Den  
  39  4:47  Infestation Pit  
  35  4:53  Queen  
  35  4:58  Drone  
  36  5:00  Drone  
  36  5:06  Roach  
  31  5:13  Zergling x2  
  32  5:20  Zergling x2  
  30  5:25  Drone  
  30  5:27  Roach  
  28  5:34  Zergling x2  
  19  5:50  Zergling x2, Drone, Queen  
  19  5:53  Drone  
  22  5:58  Roach  
  23  6:05  Zergling x2  
  23  6:07  Overlord  
  7  6:35  Drone  
Tags
 
Add a new tag
Caveats
  • Supply blocks, unpowered buildings, or Contaminate may cause inaccurate times.
  • Supply counts are checked every 10 seconds.